 Dungeon Sprint DCSS version 0.30-a0-1043-g60ff8d5f49 (webtiles) character file.

Game seed: 2314643390291856401

7500000 Danienth the Grand Master (level 24, -10/227 HPs)
             Began as a Demonspawn Gladiator on Apr 10, 2023.
             Was the Champion of Makhleb.
             Mangled by a bag of meat
             ... wielding a +9 war axe
              (39 damage)
             ... in the Dungeon (Sprint VIII: "Arena of Blood").
             The game lasted 00:12:59 (75 turns).

Danienth the Grand Master (Demonspawn Gladiator)      Turns: 75, Time: 00:13:00

Health: -10/227    AC:  8    Str: 18    XL:     24   Next: 38%
Magic:  43/43      EV: 45    Int: 11    God:    Makhleb [******]
Gold:   0          SH:  0    Dex: 28    Spells: 55/55 levels left

rFire   . . .      SeeInvis .    k - +∞ Axe of Woe
rCold   . . .      Faith    .    (shield currently unavailable)
rNeg    . . .      Spirit   .    a - +0 leather armour
rPois   .          Reflect  .    b - +0 helmet
rElec   .          Rampage  .    (cloak unavailable)
rCorr   .          NoTele   +    (no gloves)
Will    +....                    (no boots) Stlth ***+++++++
                                 (no amulet)
HPRegen 0.57/turn                o - +200 ring of slaying
MPRegen 0.28/turn                p - +250 ring of slaying

@: mighty, agile, on word of chaos cooldown, hasted and slowed
A: thin skeletal structure 3, ignite blood 3, powered by pain 3, corrupting
presence 2, word of chaos, weakness stinger 3
a: Word of Chaos, Renounce Religion, Minor Destruction, Lesser Servant of
Makhleb, Major Destruction, Greater Servant of Makhleb


You were in the Dungeon.
You worshipped Makhleb.
Makhleb was exalted by your worship.
You visited 1 branch

Inventory:

Hand Weapons
 k - the +∞ Axe of Woe (weapon)
   (You found it in the Dungeon)
Missiles
 c - 2 throwing nets (quivered)
 d - a javelin
Armour
 a - a +0 leather armour (worn)
 b - a +0 helmet (worn)
Jewellery
 l - a +30 ring of slaying
 m - a +30 ring of slaying
 n - a +200 ring of slaying
 o - a +200 ring of slaying (left hand)
 p - a +250 ring of slaying (right hand)
Scrolls
 j - a scroll of blinking
Potions
 e - a potion of curing
 h - 2 potions of magic
 i - a potion of berserk rage


   Skills:
 O Level 27 Fighting
 + Level 16.1(18.3) Short Blades
 + Level 14.5(17.5) Long Blades
 O Level 27 Axes
 + Level 14.5(23.8) Maces & Flails
 + Level 14.5(23.8) Polearms
 + Level 14.5(19.0) Staves
 + Level 14.5 Ranged Weapons
 O Level 27 Throwing
 O Level 27 Armour
 O Level 27 Dodging
 O Level 27 Stealth
 + Level 16.1 Shields
 O Level 27 Unarmed Combat
 + Level 16.1 Spellcasting
 + Level 17.4 Conjurations
 + Level 17.4 Hexes
 + Level 17.4 Summonings
 + Level 18.9 Necromancy
 + Level 16.1 Translocations
 + Level 16.1 Transmutations
 + Level 16.1 Fire Magic
 + Level 16.1 Ice Magic
 + Level 16.1 Air Magic
 + Level 16.1 Earth Magic
 + Level 17.4 Poison Magic
 O Level 27 Invocations
 + Level 17.4 Evocations


You had 55 spell levels left.
You didn't know any spells.
Your spell library was empty.

Dungeon Overview and Level Annotations

Branches:
Dungeon (1/1)

Altars:
Makhleb


Innate Abilities, Weirdness & Mutations

You have an unnaturally thin skeletal structure. (Dex +6, Stealth+++)
Your demonic aura causes all spilled blood to erupt in flames.
You are powered by pain.
Your presence sometimes corrodes or deforms those you injure.
You can speak a Word of Chaos.
You have a sharp stinger which inflicts weakening toxins.


Message History

The bag of meat is engulfed in blazing flames.
The bag of meat hits your blizzard demon with a +9 war axe!!
You hear a shout!
The eight-headed meat hydra calls on the powers of darkness!
The eight-headed meat hydra convulses!
The bag of meat convulses! x2
Your body is wracked with pain!
* * * LOW HITPOINT WARNING * * *
You focus on the pain.
You feel mightier all of a sudden.
You hear a shout! x4
Your life force feels restored.
You have mastered Invocations!
You feel much better.
You hear a shout! x4
Your blizzard demon is engulfed in blazing flames.
Your blizzard demon misses the bag of meat.
Your blizzard demon hits the bag of meat!!
A bag of meat comes into view. It is wielding a +9 war axe.
The bag of meat is engulfed in blazing flames.
The bag of meat twists and deforms.
The bag of meat hits your blizzard demon with a +9 war axe!!!
Your blizzard demon dies!
Your blizzard demon disappears in a puff of smoke!
The meat berserker is engulfed in blazing flames.
You hear a shout! x5; You hear a roar!
The bag of meat shouts!
You hear a shout!
You feel yourself speed up.
You hear a shout! x6
The bag of meat is engulfed in blazing flames.
The meat berserker is engulfed in blazing flames. x2
You hear a shout! x4
An eight-headed meat hydra comes into view.
The eight-headed meat hydra calls on the powers of darkness!
The eight-headed meat hydra convulses!
The bag of meat convulses!
The eight-headed meat hydra convulses!
The bag of meat convulses!
The meat berserker convulses! x2; Your body is wracked with pain!
* * * LOW HITPOINT WARNING * * *
The bag of meat convulses!
The bag of meat is engulfed in blazing flames.
The bag of meat hits you with a +9 war axe!!!
You die... .... .... .... ...z ..... ○Do #... ..# . #...
DM#

..###... M.###..
......)###§o.....
......)§○@O§Oo...
.....#)☼)o§#○..§(
... #_.☼☼☼# ... .
#...§o# .
....._......
......###......
..###... ..###. .
#§.. ..# #... ..#


You could see 2 accurseds, 2 eight-headed meat hydras, a sculptor of flesh, 2
meat berserkers and 5 bags of meat.

Vanquished Creatures
  2 royal mummies (D)
  A wraith (D)
  5 vampire knights (D)
  25 ogres (D)
  3 two-headed ogres (D)
  A lich (D)
  A hydra (D)
  30 orcs (D)
  6 skeletal warriors (D)
74 creatures vanquished.

Notes
Turn   | Place    | Note
-------+----------+-------------------------------------------
     0 | D        | Found the +∞ Axe of Woe
     0 | D        | Danienth the Demonspawn Gladiator began the quest for the
                  | Orb.
     0 | D        | Reached XP level 1. HP: 16/16 MP: 1/1
     0 | D        | Noticed a bag of meat
     1 | D        | Noticed a bag of meat
     2 | D        | Killed a bag of meat
     2 | D        | Noticed a bag of meat
     2 | D        | Noticed a bag of meat
     3 | D        | Reached skill level 15 in Unarmed Combat
     3 | D        | Gained mutation: You have a somewhat thin skeletal
                  | structure. (Dex +2, Stealth+) [demonic ancestry]
     3 | D        | Reached XP level 2. HP: 34/34 MP: 2/2
     3 | D        | Gained mutation: You sometimes gain a little power by
                  | taking damage. [demonic ancestry]
     3 | D        | Reached XP level 3. HP: 40/40 MP: 3/3
     3 | D        | Gained mutation: You have a small tail. [demonic ancestry]
     3 | D        | Reached XP level 4. HP: 46/46 MP: 4/4
     3 | D        | Gained mutation: You have a tail ending in a sharp stinger.
                  | [demonic ancestry]
     3 | D        | Reached XP level 5. HP: 52/52 MP: 5/5
     3 | D        | Reached XP level 6. HP: 59/59 MP: 6/6
     3 | D        | Gained mutation: Your demonic aura sometimes causes spilled
                  | blood to erupt in flames. [demonic ancestry]
     3 | D        | Reached XP level 7. HP: 64/64 MP: 7/7
     3 | D        | Reached XP level 8. HP: 71/71 MP: 8/8
     3 | D        | Reached XP level 9. HP: 77/77 MP: 9/9
     3 | D        | Reached XP level 10. HP: 83/83 MP: 10/10
     3 | D        | Killed a bag of meat
     4 | D        | Reached skill level 10 in Fighting
     4 | D        | Reached XP level 11. HP: 92/92 MP: 11/11
     4 | D        | Noticed a bag of meat
     6 | D        | Became a worshipper of Makhleb the Destroyer
     8 | D        | Killed a bag of meat
     8 | D        | Noticed a bag of meat
     9 | D        | Reached skill level 5 in Axes
     9 | D        | Reached skill level 10 in Throwing
     9 | D        | Gained mutation: You have a sharp stinger which inflicts
                  | weakening toxins. [demonic ancestry]
     9 | D        | Reached XP level 12. HP: 102/102 MP: 12/12
    10 | D        | Noticed a bag of meat
    11 | D        | Noticed a bag of meat
    13 | D        | Noticed a bag of meat
    13 | D        | Noticed a meat berserker
    14 | D        | Noticed a bag of meat
    15 | D        | Noticed a bag of meat
    16 | D        | Noticed a bag of meat
    16 | D        | Noticed a bag of meat
    18 | D        | Noticed a bag of meat
    18 | D        | Noticed a meat berserker
    19 | D        | Killed a bag of meat
    19 | D        | Reached * piety under Makhleb
    19 | D        | Killed a meat berserker
    19 | D        | Noticed a meat berserker
    19 | D        | Noticed a large bag of meat
    20 | D        | Gained mutation: Your presence sometimes corrodes those you
                  | injure. [demonic ancestry]
    20 | D        | Reached XP level 13. HP: 108/113 MP: 13/13
    20 | D        | Noticed a large bag of meat
    20 | D        | Killed a bag of meat
    20 | D        | Killed a bag of meat
    20 | D        | Reached ** piety under Makhleb
    20 | D        | Killed a bag of meat
    20 | D        | Noticed a meat berserker
    20 | D        | Noticed a meat berserker
    21 | D        | Reached skill level 15 in Fighting
    21 | D        | Gained mutation: Your presence sometimes corrodes or
                  | deforms those you injure. [demonic ancestry]
    21 | D        | Reached XP level 14. HP: 123/123 MP: 14/14
    21 | D        | Killed a bag of meat
    22 | D        | Killed a meat berserker
    22 | D        | Reached *** piety under Makhleb
    22 | D        | Noticed a bag of meat
    23 | D        | Reached skill level 1 in Armour
    23 | D        | Reached XP level 15. HP: 59/133 MP: 15/15
    23 | D        | Killed a meat berserker
    23 | D        | Killed a meat berserker
    23 | D        | Reached **** piety under Makhleb
    23 | D        | Noticed a destroyer
    24 | D        | Reached XP level 16. HP: 138/145 MP: 16/16
    24 | D        | Killed a meat berserker
    25 | D        | Reached skill level 15 in Throwing
    25 | D        | Killed a large bag of meat
    25 | D        | Noticed a meat berserker
    26 | D        | Reached skill level 27 in Dodging
    26 | D        | Reached skill level 27 in Unarmed Combat
    27 | D        | Killed a destroyer
    27 | D        | Noticed a destroyer
    28 | D        | Reached skill level 1 in Stealth
    28 | D        | Gained mutation: You have a moderately thin skeletal
                  | structure. (Dex +4, Stealth++) [demonic ancestry]
    28 | D        | Reached XP level 17. HP: 160/160 MP: 17/17
    28 | D        | Noticed a sculptor of flesh
    29 | D        | Noticed a sculptor of flesh
    29 | D        | Killed a sculptor of flesh
    29 | D        | Reached ***** piety under Makhleb
    30 | D        | Reached skill level 5 in Armour
    30 | D        | Killed a meat berserker
    30 | D        | Noticed a meat berserker
    31 | D        | Reached skill level 27 in Axes
    31 | D        | Killed a destroyer
    32 | D        | Gained mutation: Your demonic aura often causes spilled
                  | blood to erupt in flames. [demonic ancestry]
    32 | D        | Reached XP level 18. HP: 181/181 MP: 18/18
    32 | D        | Killed a sculptor of flesh
    32 | D        | Noticed a large bag of meat
    33 | D        | Reached skill level 27 in Fighting
    33 | D        | Reached skill level 5 in Stealth
    33 | D        | Noticed a destroyer
    34 | D        | Noticed a meat berserker
    37 | D        | Noticed a sculptor of flesh
    37 | D        | Killed a meat berserker
    37 | D        | Noticed a meat berserker
    38 | D        | Killed a destroyer
    38 | D        | Reached ****** piety under Makhleb
    39 | D        | Reached skill level 27 in Throwing
    39 | D        | Gained mutation: You sometimes gain power by taking damage.
                  | [demonic ancestry]
    39 | D        | Reached XP level 19. HP: 189/189 MP: 19/19
    44 | D        | Killed a meat berserker
    44 | D        | Killed a meat berserker
    46 | D        | Noticed an accursed
    48 | D        | Killed an accursed
    49 | D        | Reached skill level 27 in Armour
    49 | D        | Reached skill level 27 in Stealth
    49 | D        | Gained mutation: You are powered by pain. [demonic
                  | ancestry]
    49 | D        | Reached XP level 20. HP: 197/197 MP: 20/20
    50 | D        | Reached skill level 5 in Invocations
    50 | D        | Noticed a meat berserker
    50 | D        | Noticed an eight-headed meat hydra
    51 | D        | Noticed a meat berserker
    52 | D        | Noticed a meat berserker
    52 | D        | Noticed a meat berserker
    53 | D        | Reached skill level 5 in Necromancy
    53 | D        | Killed a meat berserker
    53 | D        | Noticed a tyrant
    53 | D        | Noticed a meat berserker
    54 | D        | Reached skill level 5 in Short Blades
    54 | D        | Reached skill level 5 in Long Blades
    54 | D        | Reached skill level 5 in Maces & Flails
    54 | D        | Reached skill level 5 in Polearms
    54 | D        | Reached skill level 5 in Staves
    54 | D        | Reached skill level 5 in Ranged Weapons
    54 | D        | Reached skill level 5 in Shields
    54 | D        | Reached skill level 5 in Spellcasting
    54 | D        | Reached skill level 5 in Translocations
    54 | D        | Reached skill level 5 in Transmutations
    54 | D        | Reached skill level 5 in Fire Magic
    54 | D        | Reached skill level 5 in Ice Magic
    54 | D        | Reached skill level 5 in Air Magic
    54 | D        | Reached skill level 5 in Earth Magic
    54 | D        | Noticed a destroyer
    54 | D        | Noticed an accursed
    54 | D        | Noticed a large bag of meat
    54 | D        | Noticed a meat berserker
    54 | D        | Noticed a meat berserker
    55 | D        | Noticed a meat berserker
    55 | D        | Noticed a meat berserker
    55 | D        | Noticed a meat berserker
    55 | D        | Killed a meat berserker
    55 | D        | Killed a meat berserker
    55 | D        | Noticed a destroyer
    56 | D        | Reached skill level 10 in Invocations
    56 | D        | Gained mutation: Your demonic aura causes all spilled blood
                  | to erupt in flames. [demonic ancestry]
    56 | D        | Reached XP level 21. HP: 195/204 MP: 21/32
    56 | D        | Killed a destroyer
    56 | D        | Noticed an accursed
    57 | D        | Reached skill level 10 in Necromancy
    58 | D        | Reached skill level 10 in Conjurations
    58 | D        | Reached skill level 10 in Hexes
    58 | D        | Reached skill level 10 in Summonings
    58 | D        | Reached skill level 10 in Poison Magic
    58 | D        | Reached skill level 10 in Evocations
    59 | D        | Noticed an accursed
    60 | D        | Reached skill level 10 in Short Blades
    60 | D        | Reached skill level 10 in Shields
    60 | D        | Reached skill level 10 in Spellcasting
    60 | D        | Reached skill level 10 in Translocations
    60 | D        | Reached skill level 10 in Transmutations
    60 | D        | Reached skill level 10 in Fire Magic
    60 | D        | Reached skill level 10 in Ice Magic
    60 | D        | Reached skill level 10 in Air Magic
    60 | D        | Reached skill level 10 in Earth Magic
    60 | D        | Reached skill level 15 in Invocations
    60 | D        | Gained mutation: You can speak a Word of Chaos. [demonic
                  | ancestry]
    60 | D        | Reached XP level 22. HP: 186/212 MP: 22/36
    61 | D        | Reached skill level 10 in Long Blades
    61 | D        | Reached skill level 10 in Maces & Flails
    61 | D        | Reached skill level 10 in Polearms
    61 | D        | Reached skill level 10 in Staves
    61 | D        | Reached skill level 10 in Ranged Weapons
    61 | D        | Noticed a dread
    61 | D        | Noticed a dread
    63 | D        | Reached skill level 15 in Necromancy
    63 | D        | Killed a large bag of meat
    63 | D        | Killed a tyrant
    64 | D        | Reached XP level 23. HP: 27/219 MP: 38/40
    65 | D        | Killed an accursed
    66 | D        | Reached skill level 15 in Conjurations
    66 | D        | Reached skill level 15 in Hexes
    66 | D        | Reached skill level 15 in Summonings
    66 | D        | Reached skill level 15 in Poison Magic
    66 | D        | Reached skill level 15 in Evocations
    66 | D        | Killed a dread
    67 | D        | Reached skill level 15 in Short Blades
    67 | D        | Reached skill level 15 in Shields
    67 | D        | Reached skill level 15 in Spellcasting
    67 | D        | Reached skill level 15 in Translocations
    67 | D        | Reached skill level 15 in Transmutations
    67 | D        | Reached skill level 15 in Fire Magic
    67 | D        | Reached skill level 15 in Ice Magic
    67 | D        | Reached skill level 15 in Air Magic
    67 | D        | Reached skill level 15 in Earth Magic
    67 | D        | Killed a destroyer
    68 | D        | Gained mutation: You have an unnaturally thin skeletal
                  | structure. (Dex +6, Stealth+++) [demonic ancestry]
    68 | D        | Reached XP level 24. HP: 91/227 MP: 41/42
    68 | D        | Killed a large bag of meat
    74 | D        | Reached skill level 27 in Invocations
    75 | D        | Mangled by a bag of meat

Illustrated notes

Levels and vault maps discovered:
D:        meatsprint

Skill      XL: |  1  2  3  4  5  6  7  8  9 10 11 12 13 14 15 16 17 18 19 20 21 22 23 24 |
---------------+-------------------------------------------------------------------------+-----
Fighting       | 9 10 12 14 15 16 18 21 26 27 | 27.0
Axes           | 4 5 9 12 14 18 23 27 | 27.0
Throwing       | 8 9 10 12 13 14 16 18 27 | 27.0
Dodging        | 14 16 18 20 22 23 25 27 | 27.0
Unarmed Combat | 15 17 18 21 22 24 26 27 | 27.0
Armour         | 1 2 4 7 16 27 | 27.0
Stealth        | 1 4 16 27 | 27.0
Short Blades   | 7 10 13 15 16 | 16.1
Long Blades    | 6 9 12 14 | 14.5
Maces & Flails | 6 9 12 14 | 14.5
Polearms       | 6 9 12 14 | 14.5
Staves         | 6 9 12 14 | 14.5
Ranged Weapons | 6 9 12 14 | 14.5
Shields        | 7 10 13 15 16 | 16.1
Spellcasting   | 7 10 13 15 16 | 16.1
Conjurations   | 8 11 14 17 | 17.4
Hexes          | 8 11 14 17 | 17.4
Summonings     | 8 11 14 17 | 17.4
Necromancy     | 9 12 15 18 | 18.9
Translocations | 7 10 13 15 16 | 16.1
Transmutations | 7 10 13 15 16 | 16.1
Fire Magic     | 7 10 13 15 16 | 16.1
Ice Magic      | 7 10 13 15 16 | 16.1
Air Magic      | 7 10 13 15 16 | 16.1
Earth Magic    | 7 10 13 15 16 | 16.1
Poison Magic   | 8 11 14 17 | 17.4
Invocations    | 10 15 18 21 27 | 27.0
Evocations     | 8 11 14 17 | 17.4

Action                     |  1- 3 |  4- 6 |  7- 9 | 10-12 | 13-15 | 16-18 | 19-21 | 22-24 || total
---------------------------+-------+-------+-------+-------+-------+-------+-------+-------++-------
  Melee: Executioner's axe |     1 |       |       |     3 |     4 |     9 |    13 |    10 ||    40
  Throw: Throwing net      |       |       |       |     1 |       |       |       |       ||     1
 Invoke: Greater Servant o |       |       |       |       |       |       |       |     1 ||     1
Ability: Word of Chaos     |       |       |       |       |       |       |       |     1 ||     1
    Use: Potion            |       |       |       |       |       |       |       |     2 ||     2
   Stab: Distracted        |       |       |       |       |       |       |       |     1 ||     1
  Dodge: Dodged            |       |       |       |       |       |     1 |     1 |     2 ||     4

Table legend: (Time is in decaauts)
 A = Elapsed time spent in this place.
 B = Non-inter-level travel time spent in this place.
 C = Inter-level travel time spent in this place.
 D = Time resting spent in this place.
 E = Time spent auto-exploring this place.
 F = Levels seen in this place.
 G = Mean time per level.
                   A        B        C        D        E       F      G
               +--------+--------+--------+--------+--------+-----+--------+
         Total |     74 |     74 |      0 |      0 |      0 |   1 |   74.0 |
       Dungeon |     74 |     74 |      0 |      0 |      0 |   1 |   74.0 |
               +--------+--------+--------+--------+--------+-----+--------+

Top non-repeatable levels by time:
       D: 74 daAuts
